 Dungeon Crawl Stone Soup version 0.18.1-48-g4cf74bf (webtiles) character file.

60 Lindan9 the Grave Robber (level 3, -1/24 HPs)
             Began as a Vampire Necromancer on Aug 14, 2016.
             Slain by an adder (5 damage)
             ... on level 2 of the Dungeon.
             The game lasted 00:06:57 (1735 turns).

Lindan9 the Grave Robber (Vampire Necromancer)      Turns: 1735, Time: 00:06:57

Health: -1/24      AC:  2    Str:  7    XL:     3   Next: 82%
Magic:  4/6        EV: 12    Int: 18    God:
Gold:   86         SH:  0    Dex: 14    Spells: 1 memorised, 6 levels left

rFire  + . .     SeeInvis +     d - +0 dagger
rCold  . . .     Gourm    .     a - +0 robe
rNeg   + . .     Faith    .     (no shield)
rPois  .         Spirit   .     (no helmet)
rElec  .         Dismiss  .     (no cloak)
rCorr  .         Reflect  .     (no gloves)
SustAt .         Harm     .     (no boots)
MR     .....                    (no amulet)
Stlth  +++.......               (no ring)
                                m - ring of protection from fire

@: lethally poisoned (-1 -> -8), not resistant to hostile enchantments, fairly
stealthy
A: fangs 3, see invisible, unbreathing
a: Bat Form


You were on level 2 of the Dungeon.
You were not thirsty.

You visited 1 branch of the dungeon, and saw 2 of its levels.

You collected 86 gold pieces.

Inventory:

Hand Weapons
 d - a +0 dagger (weapon)
 f - a +0 dagger
 h - a +0 short sword
 i - a cursed -3 dagger
 k - a +0 dagger
Armour
 a - a +0 robe (worn)
Magical Staves
 o - a cursed staff of energy
Jewellery
 m - a ring of protection from fire (left hand)
Scrolls
 g - 2 scrolls of immolation
 j - a scroll of noise
Potions
 c - 3 potions of blood
 e - 2 potions of flight {unknown}
 l - 2 potions of mutation {unknown}
Books
 b - a book of Necromancy

   Spells                             Type                      Level
   a - Pain                           Necromancy                   1
   b - Animate Skeleton               Necromancy                   1
   c - Vampiric Draining              Necromancy                   3
   d - Regeneration                   Charms/Necromancy            3
   e - Animate Dead                   Necromancy                   4
   f - Control Undead                 Necromancy                   4


   Skills:
 + Level 2.2 Dodging
 + Level 3.8 Stealth
 + Level 2.6 Spellcasting
 + Level 5.3 Necromancy


You had 6 spell levels left.
You knew the following spells:

 Your Spells              Type           Power        Failure   Level  Hunger
a - Pain                  Necr           ###.         1%          1    #......


Dungeon Overview and Level Annotations

Branches:
Dungeon (2/15)

Altars:
Trog


Innate Abilities, Weirdness & Mutations

You have razor-sharp teeth.
You have supernaturally acute eyesight.
You can survive without breathing.


Message History

You see here a rat corpse.
You start resting.
Casting: Pain
Confirm with . or Enter, or press ? or * to list all spells.
Aiming: Pain
Press: ? - help, Shift-Dir - straight line, f - adder
Aim: an adder (hasn't noticed you, chance to defeat MR: 86%)
The adder convulses in agony!
The adder bites you.
* * * LOW HITPOINT WARNING * * *
You are lethally poisoned!
The adder poisons you!
Casting: Pain
Confirm with . or Enter, or press ? or * to list all spells.
Aiming: Pain
Press: ? - help, Shift-Dir - straight line, f/p - adder
Aim: an adder (heavily wounded, chance to defeat MR: 86%)
The adder barely resists.
* * * LOW HITPOINT WARNING * * *
You feel sick. The adder bites you.
You die...

#...........#.........
#.############......##
#.# ######## #.#
#.#### ######....###
#....S......#
#.####...##S##
#..##@..# ####.....#
#.......# ....._.....#
###.......###
##.....## ##..%##
##.##


You could see an adder.

Vanquished Creatures
  An adder (D:2)
  A worm (D:2)
  5 dart slugs
  3 giant geckos
  3 bats (D:1)
  2 giant cockroaches
  7 goblins
  4 hobgoblins
  A giant newt (D:1)
  3 kobolds
  5 rats
35 creatures vanquished.

Notes
Turn   | Place    | Note
--------------------------------------------------------------
     0 | D:1      | Lindan9 the Vampire Necromancer began the quest for the Orb.
     0 | D:1      | Reached XP level 1. HP: 13/13 MP: 3/3
   222 | D:1      | Reached XP level 2. HP: 7/19 MP: 0/5
   619 | D:1      | Reached skill level 5 in Necromancy
   981 | D:1      | Reached XP level 3. HP: 24/24 MP: 6/6
  1658 | D:2      | Found a bloodstained altar of Trog.
  1735 | D:2      | Slain by an adder

Skill      XL: |  1  2 |
---------------+-------+-----
Necromancy     | 5 |  5.3
Dodging        | |  2.2
Stealth        | |  3.8
Spellcasting   | |  2.6

Action                   || total
-------------------------++-------
Melee: Dagger            ||    34
       Bite              ||     4
 Cast: Pain              ||    46
  Use: Scroll            ||     5
 Stab: Sleeping          ||     6
  Eat: Corpse            ||     3
Armor: Robe              ||     4
Dodge: Dodged            ||    28
